 Dungeon Crawl Stone Soup version 0.30-a0-1018-g25214051b3 (webtiles) character file.

Game seed: 14981487331031328203

4 holysushi the Chopper (level 1, 12/19 HPs)
             Began as a Hill Orc Monk on Apr 8, 2023.
             Quit the game on level 1 of the Dungeon.
             The game lasted 00:00:13 (42 turns).

holysushi the Chopper (Hill Orc Monk)                 Turns: 42, Time: 00:00:13

Health: 12/19      AC:  2    Str: 13    XL:     1   Next: 70%
Magic:  1/1        EV: 12    Int: 10    God:
Gold:   0          SH:  0    Dex: 13    Spells: 0/0 levels left

rFire   . . .      SeeInvis .    a - +0 hand axe
rCold   . . .      Faith    .    (no shield)
rNeg    . . .      Spirit   .    b - +0 robe
rPois   .          Reflect  .    (no helmet)
rElec   .          Rampage  .    (no cloak)
rCorr   .                        (no gloves)
Will    .....                    (no boots)
Stlth   ++                       (no amulet)
HPRegen 0.23/turn                (no ring)
MPRegen 0.07/turn                (no ring)

@: no status effects
A: no striking features
a: no special abilities


You were on level 1 of the Dungeon.
You visited 1 branch of the dungeon, and saw 1 of its levels.

Inventory:

Hand Weapons
 a - a +0 hand axe (weapon)
Armour
 b - a +0 robe (worn)
Potions
 c - a potion of ambrosia


   Skills:
 - Level 3.6 Fighting
 + Level 4.5 Axes
 - Level 2.4 Dodging
 - Level 1.5 Stealth


You couldn't memorise any spells.
You didn't know any spells.
Your spell library was empty.

Dungeon Overview and Level Annotations

Branches:
Dungeon (1/15) Zot: 5956

Altars:


Message History

You open the door.
A nearby plant withers and dies.
There is an open door here.
A rat and a kobold come into view.
Found 2 stones.
There are monsters nearby!
There are monsters nearby!
Found a stone staircase leading down.
The helpless kobold fails to defend itself.
You hit the kobold.
You kill the kobold!
Things that are here:
a +0 club; a stone The helpless rat fails to defend itself.
You hit the rat.
You kill the rat!
A giant cockroach comes into view.
A kobold comes into view. It is wielding a +0 whip.
The kobold shouts!
The kobold throws a stone.
The stone misses you.
You hit the giant cockroach.
The giant cockroach is almost dead.
The giant cockroach closely misses you.
You barely miss the giant cockroach.
The giant cockroach is almost dead.
The giant cockroach completely misses you.
The kobold throws a stone.
The stone closely misses you.
The giant cockroach bites you but does no damage.
You hit the giant cockroach.
You kill the giant cockroach!
The kobold throws a stone.
The stone hits you but does no damage. The kobold misses you.
You closely miss the kobold. The kobold hits you with a +0 whip.
You completely miss the kobold. The kobold hits you with a +0 whip.
You hit the kobold.
You kill the kobold!
No target in view!
Things that are here:
a +0 whip; 4 stones; a kobold corpse No target in view!
Are you sure you want to abandon this character and quit the game? (Confirm with "yes".)

#.# #.# #.#
#.########
##....>...#
#.......# #.......#
.#######.......#
.......@.......# ##
########.......#....
###.........#
#..)...(..###
#.#########
#########.#
#~~.≈≈≈.+.#
#.P~≈~~.#.#
#≈P~~~.≈#.#


There were no monsters in sight!

Vanquished Creatures
  A giant cockroach (D:1)
  2 kobolds (D:1)
  A rat (D:1)
4 creatures vanquished.

Vanquished Creatures (others)
  3 plants (D:1)
3 creatures vanquished.

Grand Total: 7 creatures vanquished

Notes
Turn   | Place    | Note
-------+----------+-------------------------------------------
     0 | D:1      | holysushi the Hill Orc Monk began the quest for the Orb.
     0 | D:1      | Reached XP level 1. HP: 19/19 MP: 1/1
    42 | D:1      | Quit the game

Illustrated notes

Levels and vault maps discovered:
D:1:      lightli_arrival_flooded_house, layout_loops_ring, serial_shops,
          nicolae_shop_waterfront, shop_scrolls, minmay_curled_crystal

Action                     || total
---------------------------++-------
  Melee: Hand axe          ||    11
   Stab: Sleeping          ||     2
 Armour: Robe              ||     2
  Dodge: Dodged            ||     5

Table legend: (Time is in decaauts)
 A = Elapsed time spent in this place.
 B = Non-inter-level travel time spent in this place.
 C = Inter-level travel time spent in this place.
 D = Time resting spent in this place.
 E = Time spent auto-exploring this place.
 F = Levels seen in this place.
 G = Mean time per level.
                   A        B        C        D        E       F      G
               +--------+--------+--------+--------+--------+-----+--------+
         Total |     43 |     43 |      0 |      0 |      7 |   1 |   43.0 |
       Dungeon |     43 |     43 |      0 |      0 |      7 |   1 |   43.0 |
               +--------+--------+--------+--------+--------+-----+--------+

Top non-repeatable levels by time:
     D:1: 43 daAuts
